[Event "*** Titled Tuesday Blitz"]
[Site "Chess.com"]
[Date "2020.04.28"]
[Round "4"]
[White "bmt011"]
[Black "zmeeed67"]
[Result "0-1"]
[WhiteElo "2023"]
[BlackElo "2387"]
[TimeControl "180+1"]
[EndTime "10:38:30 PDT"]
[Termination "zmeeed67 won by resignation"]

1. d4 d5 2. Bf4 c5 3. e3 Nc6 4.
c3 Nf6 5. Nd2 Qb6 6. Qb3 c4 7. Qc2 g6 8. e4 Nxe4 9. Nxe4 dxe4 10.
Qxe4 Qxb2 11. Rc1 Bf5 12. Qf3 Qxa2 13. g4 Bd7 14. d5 Nd8 15. Qe4 Bg7 16. Bxc4 Qa4 17.
Bd6 O-O 18. Bxe7 Re8 19. d6 Bc6 20. d7 Bxe4 0-1

[Event "*** Titled Tuesday Blitz"]
[Site "Chess.com"]
[Date "2020.04.28"]
[Round "4"]
[White "AsaHoffmann"]
[Black "pirulillo"]
[Result "1-0"]
[WhiteElo "2317"]
[BlackElo "2135"]
[TimeControl "180+1"]
[EndTime "10:38:31 PDT"]
[Termination "AsaHoffmann won by resignation"]

1. d4 Nf6 2. Bg5 g6 3. Nc3 Bg7 4. e4 d5 5. e5 Ne4 6. Nxe4 dxe4 7. c3 c5 8. Be3 Nc6 9. Bb5 cxd4 10. Bxc6+ bxc6 11. cxd4 O-O 12. Ne2 f5 13. O-O e6 14.
Rc1 Bd7 15. g3 Rb8 16. Qd2 Qc8 17. b3 Qa6 18. Nc3 Rfd8 19. Na4 Bf8 20. Nc5 Bxc5 21.
Rxc5 Be8 22. Bg5 Rd5 23. Rfc1 Rb5 24. Rxb5 Qxb5 25. Bf6 Qb7 26. Rc5 Rxc5 27. dxc5 Qd7 28. Qd6 Qxd6 29. exd6 e5 30. Bxe5 Kf7 31. Kf1 Ke6 32.
Bd4 Kd5 33. Be3 a5 34. Ke2 a4 35. bxa4 Kc4 36. Kd2 Kb4 37. a5 Kxa5 38. Kc3 Kb5 39. Kd4 Bd7 40. Ke5 Kc4 41. Kf6 Kd3 42. Ke7 Bc8 43. d7 Bxd7 44. Kxd7 Ke2 45. Kxc6 Kf3 1-0

[Event "*** Titled Tuesday Blitz"]
[Site "Chess.com"]
[Date "2020.04.28"]
[Round "4"]
[White "TudorAnton"]
[Black "Vespasian23"]
[Result "1-0"]
[WhiteElo "2507"]
[BlackElo "2274"]
[TimeControl "180+1"]
[EndTime "10:38:32 PDT"]
[Termination "TudorAnton won by resignation"]

1. d4 d5 2. c4 c6 3. Nf3 Nf6 4. Nc3 e6 5. Bg5 dxc4 6. e4 b5 7. e5 h6 8. Bh4 g5 9. Nxg5 hxg5 10. Bxg5 Nbd7 11. g3 Bb7 12. Bg2 Qb6 13. exf6 O-O-O 14. O-O c5 15. d5 b4 16. Na4 Qb5 17. dxe6 Bxg2 18.
Kxg2 Ne5 19. Qe2 Qc6+ 20. f3 Qxe6 21. Rae1 Bd6 22. h4 Rhe8 23. Qe4 Kb8 24. Bf4 Qd7 25. Nxc5 Qb5 26. Qd5 Qxc5 27. Qxc5 Bxc5 28. Rxe5 Kb7 29. Rxc5 1-0

[Event "*** Titled Tuesday Blitz"]
[Site "Chess.com"]
[Date "2020.04.28"]
[Round "4"]
[White "swapchess90"]
[Black "Dobuchak"]
[Result "1-0"]
[WhiteElo "2680"]
[BlackElo "2356"]
[TimeControl "180+1"]
[EndTime "10:38:32 PDT"]
[Termination "swapchess90 won by resignation"]

1. d4 Nf6 2. c4 g6 3. Nc3 Bg7 4. e4 d6 5. f4 O-O 6. Nf3 e5 7. fxe5 dxe5 8. d5 a5 9. Bd3 Na6 10. O-O Nc5 11. Bc2 Qe7 12. Bg5 h6 13. Bh4 g5 14.
Bg3 Ng4 15. Qd2 f5 16. exf5 Bxf5 17. Bxf5 Rxf5 18. Rfe1 h5 19. h3 Nh6 20. h4 g4 21.
Nxe5 Bxe5 22. Qxh6 Bd4+ 23. Kh1 Qf7 24. Rad1 Bg7 25.
Qe3 Rf8 26. Qxc5 1-0

[Event "*** Titled Tuesday Blitz"]
[Site "Chess.com"]
[Date "2020.04.28"]
[Round "4"]
[White "Balla_Tamas"]
[Black "ChessWarrior7197"]
[Result "0-1"]
[WhiteElo "2537"]
[BlackElo "2853"]
[TimeControl "180+1"]
[EndTime "10:38:40 PDT"]
[Termination "ChessWarrior7197 won by resignation"]

1. e4 c5 2. d3 Nc6 3. g3 g6 4.
Bg2 Bg7 5. f4 d6 6. Nf3 Nf6 7.
O-O O-O 8. c3 Rb8 9. a4 a6 10.
Re1 Bg4 11. h3 Bxf3 12. Bxf3 Nd7 13. Be3 b5 14. axb5 axb5 15. Bf2 b4 16. d4 bxc3 17.
bxc3 cxd4 18. cxd4 Rb2 19. Ra4 Nb6 20. Ra3 Rxf2 21.
Kxf2 Nxd4 22. Nd2 Qc7 23. Rd3 Rb8 24. Nb3 Nc2 25. Re2 Nb4 26. Rdd2 Nc4 27. Kg2 Nxd2 28. Nxd2 Na2 29. Nb1 Nb4 30. Qb3 Nc6 31. Qc2 Qb6 0-1

[Event "*** Titled Tuesday Blitz"]
[Site "Chess.com"]
[Date "2020.04.28"]
[Round "4"]
[White "Danesz22"]
[Black "crazy_machine"]
[Result "0-1"]
[WhiteElo "2284"]
[BlackElo "2593"]
[TimeControl "180+1"]
[EndTime "10:38:41 PDT"]
[Termination "crazy_machine won by resignation"]

1. e4 c6 2. d4 d5 3. Nc3 dxe4 4. Nxe4 Bf5 5. Ng3 Bg6 6. h4 h6 7. Nf3 Nd7 8. h5 Bh7 9. Bd3 Bxd3 10. Qxd3 e6 11.
Bd2 Ngf6 12. O-O-O Be7 13. Kb1 O-O 14. Ne4 c5 15. g4 Nxg4 16. Qe2 cxd4 17. Rdg1 f5 18. Nxd4 Qb6 19. Bc3 Rac8 20. Rxg4 fxg4 21. Qxg4 Bf6 22. Nxe6 Bxc3 23. Nxc3 Rf7 24. Nd5 Qc6 25. Qe4 Re8 26.
Re1 Nc5 0-1

[Event "*** Titled Tuesday Blitz"]
[Site "Chess.com"]
[Date "2020.04.28"]
[Round "4"]
[White "Charlottemillard17"]
[Black "UCantHandleDenker"]
[Result "0-1"]
[WhiteElo "1409"]
[BlackElo "2559"]
[TimeControl "180+1"]
[EndTime "10:38:42 PDT"]
[Termination "UCantHandleDenker won by checkmate"]

1. e4 c5 2. c3 d6 3. d4 Nf6 4.
Bd3 g6 5. f4 Bg7 6. e5 Nfd7 7.
Nf3 O-O 8. O-O cxd4 9. cxd4 Nc6 10. Bc2 dxe5 11. dxe5 Nb6 12. Qe2 Bg4 13. Nc3 Nd4 14.
Qf2 Bxf3 15. gxf3 Nxc2 16. Qxc2 Qd4+ 17. Kh1 Rfd8 18. Rd1 Qc4 19. Rg1 Nd5 20. Bd2 Nxf4 21. Rg4 Qd3 22. Qxd3 Nxd3 23. Rb1 Nf2+ 24. Kg1 Nxg4 25.
fxg4 Rxd2 26. Nb5 Rc8 27. Nxa7 Rcc2 28. e6 Bd4+ 29. Kf1 Rxh2 30. exf7+ Kxf7 31. Ke1 Rh1# 0-1

[Event "*** Titled Tuesday Blitz"]
[Site "Chess.com"]
[Date "2020.04.28"]
[Round "4"]
[White "Skatchkov_V"]
[Black "AnonymusDonkey"]
[Result "1-0"]
[WhiteElo "2559"]
[BlackElo "2341"]
[TimeControl "180+1"]
[EndTime "10:38:42 PDT"]
[Termination "Skatchkov_V won by resignation"]

1. d4 Nf6 2. c4 c5 3. d5 b5 4. cxb5 a6 5. bxa6 g6 6. Nf3 Bg7 7. Nc3 O-O 8. g3 d6 9. Bg2 Nbd7 10. Rb1 Nb6 11. O-O Bf5 12. Ra1 Ne4 13. Bd2 Nc4 14.
Nxe4 Bxe4 15. Bc3 Nxb2 16. Qc1 Qb6 17. Bxg7 Kxg7 18. Qe3 Qb4 19. a3 Qc4 20. Nd2 1-0

[Event "*** Titled Tuesday Blitz"]
[Site "Chess.com"]
[Date "2020.04.28"]
[Round "4"]
[White "renehp"]
[Black "IlzeBerzina"]
[Result "1-0"]
[WhiteElo "2416"]
[BlackElo "2160"]
[TimeControl "180+1"]
[EndTime "10:38:42 PDT"]
[Termination "renehp won by resignation"]

1. e4 c6 2. d4 d5 3. f3 dxe4 4. fxe4 e5 5. Nf3 exd4 6. Bc4 Be7 7. O-O Nf6 8. e5 Nd5 9. Qxd4 Be6 10. Kh1 O-O 11.
Qe4 Nd7 12. Bd3 g6 13. Bh6 Re8 14. Nbd2 Nc5 15. Qe2 Nxd3 16. cxd3 Bf8 17. Bg5 Be7 18. Ne4 Bxg5 19. Nfxg5 h6 20. Nxe6 Rxe6 21. d4 Qh4 22. Nc5 Re7 23. Qd2 Rd8 24. Rf3 Qg5 25. Qf2 Nb4 26. Rf1 Rf8 27. Ne4 Qh5 28. Nf6+ 1-0

[Event "*** Titled Tuesday Blitz"]
[Site "Chess.com"]
[Date "2020.04.28"]
[Round "4"]
[White "allvim"]
[Black "Tiqr777"]
[Result "0-1"]
[WhiteElo "2302"]
[BlackElo "2599"]
[TimeControl "180+1"]
[EndTime "10:38:44 PDT"]
[Termination "Tiqr777 won by resignation"]

1. e4 c5 2. Nf3 a6 3. d4 cxd4 4. Nxd4 e5 5. Nb3 Nf6 6. Nc3 Bb4 7. Bg5 Qc7 8. Bxf6 Bxc3+ 9. bxc3 Qxc3+ 10. Qd2 Qxd2+ 11. Kxd2 gxf6 12. Bc4 d6 13. Rad1 Ke7 14. Kc3 Nc6 15. Bd5 Be6 16. Kb2 Rac8 17. Rd2 Bxd5 18.
Rxd5 Nb4 19. Rd2 Rc4 20. f3 Rhc8 21. Rc1 b6 22. a3 Nc6 23. Rcd1 Na5 24. Nxa5 bxa5 25.
Rxd6 Rxc2+ 26. Kb1 Rxg2 27. Rd7+ Kf8 28. Rb7 Rcc2 29.
Rdd7 Rcf2 30. Rxf7+ Kg8 31. Rfc7 Rg1+ 32. Rc1 Rxc1+ 33.
Kxc1 Rxf3 34. Kb2 Rf2+ 35. Kc3 Rxh2 36. Kc4 Rd2 37. Ra7 Rd4+ 38. Kc5 Rxe4 39. Kd5 Rf4 40.
Ke6 e4 41. Rxa6 e3 0-1

[Event "*** Titled Tuesday Blitz"]
[Site "Chess.com"]
[Date "2020.04.28"]
[Round "4"]
[White "leoduarte"]
[Black "SARGISMV"]
[Result "1-0"]
[WhiteElo "2281"]
[BlackElo "2434"]
[TimeControl "180+1"]
[EndTime "10:38:44 PDT"]
[Termination "leoduarte won by resignation"]

1. e4 e6 2. d4 d5 3. Nd2 Nc6 4. Ngf3 Nf6 5. e5 Nd7 6. c3 f6 7. Bb5 Be7 8. O-O fxe5 9. dxe5 O-O 10. Qe2 Qe8 11. Re1 Qh5 12. Nf1 a6 13. Ng3 Qf7 14. Bd3 b5 15. Kh1 Bb7 16. h4 h6 17. Bc2 Nc5 18. b4 Ne4 19. Nxe4 dxe4 20. Bxe4 Qf5 21. Bxf5 1-0

[Event "*** Titled Tuesday Blitz"]
[Site "Chess.com"]
[Date "2020.04.28"]
[Round "4"]
[White "skoularikii"]
[Black "Gabix_94"]
[Result "0-1"]
[WhiteElo "2521"]
[BlackElo "2794"]
[TimeControl "180+1"]
[EndTime "10:38:46 PDT"]
[Termination "Gabix_94 won by resignation"]

1. e4 c5 2. Nf3 Nc6 3. c3 d5 4. exd5 Qxd5 5. Na3 Bf5 6. Bc4 Qd7 7. d4 cxd4 8. cxd4 e6 9. O-O Nf6 10. Bf4 Bxa3 11.
bxa3 O-O 12. h3 Rfd8 13. Be3 Nd5 14. Rc1 Rac8 15. Bg5 f6 16. Bd2 Nb6 17. Be3 Nxc4 18. Rxc4 Be4 19. Rc5 b6 20. Rc1 Ne7 21. Nd2 Bd5 22. Nb3 Nf5 23. Qd3 Qb7 24. g4 Nh4 25. f4 Bc4 26. Qd2 Bxf1 27. Kxf1 Rxc1+ 28. Nxc1 Qf3+ 29. Bf2 Qxh3+ 30. Ke2 Qxg4+ 31. Kd3 Qf5+ 32. Kc3 Rc8+ 33. Kb2 Nf3 34. Qe3 Qc2+ 0-1

[Event "*** Titled Tuesday Blitz"]
[Site "Chess.com"]
[Date "2020.04.28"]
[Round "4"]
[White "mikolka1985"]
[Black "SlavenPastar"]
[Result "1-0"]
[WhiteElo "2584"]
[BlackElo "2376"]
[TimeControl "180+1"]
[EndTime "10:38:48 PDT"]
[Termination "mikolka1985 won on time"]

1. d4 b6 2. e4 Bb7 3. Bd3 Nf6 4. Nd2 e6 5. Ngf3 d5 6. e5 Ne4 7.
Qe2 Nxd2 8. Bxd2 a5 9. O-O c5 10. c3 Be7 11. Qe3 Ba6 12. Bxa6 Rxa6 13. Qf4 Nc6 14. Qg4 Bf8 15. Bg5 Ne7 16. c4 dxc4 17. dxc5 bxc5 18. Qxc4 Qc8 19. Qb5+ Rc6 20. Nd2 h6 21. Bh4 g5 22. Nc4 Nf5 23. Bg3 Be7 24. Nxa5 Nd4 25. Qa4 O-O 26. Nxc6 Nxc6 27. Qe4 Qb7 28. f4 Rc8 29. f5 exf5 30. Qxf5 Bf8 31. e6 1-0

[Event "*** Titled Tuesday Blitz"]
[Site "Chess.com"]
[Date "2020.04.28"]
[Round "4"]
[White "queen_iryna"]
[Black "Ind1anStar"]
[Result "0-1"]
[WhiteElo "2275"]
[BlackElo "2587"]
[TimeControl "180+1"]
[EndTime "10:38:51 PDT"]
[Termination "Ind1anStar won on time"]

1. d4 d5 2. Nc3 e6 3. e4 Bb4 4. e5 c5 5. a3 Bxc3+ 6. bxc3 Ne7 7. Qg4 Qc7 8. Qxg7 Rg8 9. Qxh7 cxd4 10. Ne2 Nbc6 11.
f4 dxc3 12. h4 Bd7 13. Qd3 d4 14. h5 O-O-O 15. h6 Rg6 16. h7 Rh8 17. Nxd4 Nxd4 18. Qxd4 Nf5 19. Qxa7 Ng3 20. Be3 Nxh1 21. Bb6 Qb8 22.
Qa5 Bc6 23. O-O-O Ng3 24. Rd8+ Rxd8 25. Bxd8 Rh6 26. Bg5 b6 27. Qxc3 Rxh7 28. Qxc6+ Qc7 29. Ba6+ Kb8 30. Qe8+ Ka7 31. Bc8 Rh1+ 0-1

[Event "*** Titled Tuesday Blitz"]
[Site "Chess.com"]
[Date "2020.04.28"]
[Round "4"]
[White "Natalya_Buksa"]
[Black "Belka1989"]
[Result "1-0"]
[WhiteElo "2524"]
[BlackElo "2324"]
[TimeControl "180+1"]
[EndTime "10:38:51 PDT"]
[Termination "Natalya_Buksa won on time"]

1. d4 Nf6 2. Nc3 d5 3. Bf4 c6 4.
e3 Bf5 5. f3 e6 6. g4 Bg6 7. Bd3 Nbd7 8. Nge2 Nb6 9. h4 Bd6 10. h5 Bxd3 11. Qxd3 Nc4 12. b3 Bxf4 13. Nxf4 Nd6 14. g5 Nd7 15. g6 hxg6 16. O-O-O g5 17. e4 gxf4 18. exd5 cxd5 19. Qd2 Qf6 20. Na4 O-O-O 21.
Qa5 Kb8 22. Qb4 Nf5 23. Kb1 Ne3 24. Rd3 Qf5 25. Nc3 Rxh5 26. Rc1 Nb6 27. Nb5 a6 28. Nd6 Qf6 29. Qxb6 Rd7 30. c4 Qd8 31. Qxd8+ Rxd8 32. Nxf7 Rf8 33. Ne5 Rh2 34. Nd7+ Ka7 35. Nxf8 dxc4 36.
bxc4 1-0

[Event "*** Titled Tuesday Blitz"]
[Site "Chess.com"]
[Date "2020.04.28"]
[Round "4"]
[White "Tynano"]
[Black "Tsubasa"]
[Result "0-1"]
[WhiteElo "2147"]
[BlackElo "2415"]
[TimeControl "180+1"]
[EndTime "10:38:51 PDT"]
[Termination "Tsubasa won by resignation"]

1. e4 e6 2. d4 d5 3. Nc3 Bb4 4. e5 c5 5. a3 Bxc3+ 6. bxc3 Ne7 7. Qg4 Qc7 8. Qxg7 Rg8 9. Qxh7 cxd4 10. Ne2 Nbc6 11. f4 Bd7 12. g3 dxc3 13. Bg2 d4 14.
O-O O-O-O 15. Qe4 Nf5 16. a4 Qb6 17. a5 Nxa5 18. Kh1 Nc4 19. Ba3 Bc6 20. Qd3 Bxg2+ 21.
Kxg2 Nce3+ 22. Kf2 Nxf1 23. Kxf1 Qc6 24. Rb1 Ne3+ 0-1

[Event "*** Titled Tuesday Blitz"]
[Site "Chess.com"]
[Date "2020.04.28"]
[Round "4"]
[White "Alexander_Zubov"]
[Black "stanyga"]
[Result "1-0"]
[WhiteElo "2864"]
[BlackElo "2697"]
[TimeControl "180+1"]
[EndTime "10:38:52 PDT"]
[Termination "Alexander_Zubov won by resignation"]

1. d4 Nf6 2. c4 e6 3. Nf3 b6 4. a3 Ba6 5. Qc2 Bb7 6. Nc3 c5 7. dxc5 bxc5 8. Bg5 Be7 9. e3 d6 10. Be2 O-O 11. O-O h6 12. Bh4 Nc6 13. Rfd1 a6 14. Rab1 Qc7 15. b4 cxb4 16. axb4 Rac8 17. Rdc1 Nd7 18.
Nd5 exd5 19. cxd5 Bxh4 20. dxc6 Bxf2+ 21. Kxf2 Qxc6 22. Qf5 Qa4 23. Ra1 g6 24. Qh3 1-0

[Event "*** Titled Tuesday Blitz"]
[Site "Chess.com"]
[Date "2020.04.28"]
[Round "4"]
[White "Kimster98"]
[Black "Izoria123"]
[Result "0-1"]
[WhiteElo "2583"]
[BlackElo "2815"]
[TimeControl "180+1"]
[EndTime "10:38:52 PDT"]
[Termination "Izoria123 won by resignation"]

1. Nf3 d6 2. d4 g6 3. c4 Bg7 4.
g3 c5 5. Bg2 Nc6 6. dxc5 Qa5+ 7.
Bd2 Qxc5 8. Bc3 Nf6 9. Nbd2 O-O 10. O-O Qh5 11. e3 Bh3 12. Bxf6 Bxf6 13. Rb1 Bf5 14. e4 Be6 15. b3 Rfc8 16. Rc1 Qa5 17. a4 a6 18. h3 Nb4 19. Qe2 Na2 20. Rc2 Nb4 21.
Rcc1 Rc5 22. Nb1 Rac8 23. Rcd1 b5 24. axb5 axb5 25. Nd4 Bxd4 26. Rxd4 bxc4 27. Qd2 Nc6 28. Qxa5 Rxa5 29. Rdd1 cxb3 30. Nc3 Nd4 31. Nd5 Ne2+ 32. Kh2 Bxd5 33. exd5 Nc3 34. Rd2 Ra2 35. Rxa2 bxa2 36. Rc1 Rb8 0-1

[Event "*** Titled Tuesday Blitz"]
[Site "Chess.com"]
[Date "2020.04.28"]
[Round "4"]
[White "DanielRensch"]
[Black "SahajGrover"]
[Result "0-1"]
[WhiteElo "2491"]
[BlackElo "2706"]
[TimeControl "180+1"]
[EndTime "10:38:52 PDT"]
[Termination "SahajGrover won by resignation"]

1. e4 c5 2. Nf3 e6 3. d4 cxd4 4.
Nxd4 Nf6 5. Nc3 Nc6 6. Ndb5 Bc5 7. Nd6+ Ke7 8. Nxc8+ Rxc8 9. Bd3 Qc7 10. O-O h5 11. Bg5 Kf8 12. Bxf6 gxf6 13. Kh1 Ne5 14. Be2 a6 15. f4 Ng6 16. Qd2 Ke7 17. Rad1 b5 18. f5 Ne5 19. a3 Ng4 20. Bxg4 hxg4 21. g3 Rh3 22. Qf4 Rch8 23. Rd2 Qxf4 24. Rxf4 Be3 25. Rg2 Bxf4 26. gxf4 g3 27. Kg1 gxh2+ 28. Kh1 Rf3 0-1

[Event "*** Titled Tuesday Blitz"]
[Site "Chess.com"]
[Date "2020.04.28"]
[Round "4"]
[White "BillieKimbah"]
[Black "MartinCerveny"]
[Result "1-0"]
[WhiteElo "2853"]
[BlackElo "2609"]
[TimeControl "180+1"]
[EndTime "10:38:54 PDT"]
[Termination "BillieKimbah won by resignation"]

1. d4 d5 2. c4 c6 3. Nf3 Nf6 4. Nc3 a6 5. c5 Nbd7 6. Bf4 Nh5 7. e3 g6 8. Be2 Bg7 9. h4 f5 10. Bh2 O-O 11. Ng5 Ndf6 12. Be5 h6 13. Bxh5 Nxh5 14.
Bxg7 Kxg7 15. Nf3 Nf6 16. Ne5 Ng4 17. Qd2 b6 18. Nxc6 Qc7 19. Nb4 e6 20. Nd3 Bd7 21. Rc1 bxc5 22. Nxc5 Qd6 23. Ne2 g5 24. f3 Nf6 25.
hxg5 hxg5 26. e4 fxe4 27. Qxg5+ Kf7 28. fxe4 Rg8 29. Qxf6+ 1-0

[Event "*** Titled Tuesday Blitz"]
[Site "Chess.com"]
[Date "2020.04.28"]
[Round "4"]
[White "FranciscodelaF"]
[Black "QueenOfTactics90"]
[Result "1-0"]
[WhiteElo "2379"]
[BlackElo "1933"]
[TimeControl "180+1"]
[EndTime "10:38:54 PDT"]
[Termination "FranciscodelaF won by resignation"]

1. d4 Nf6 2. c4 e6 3. Nf3 b6 4. g3 Bb7 5. Bg2 c5 6. d5 exd5 7. Nh4 Be7 8. Nf5 O-O 9. cxd5 d6 10.
O-O g6 11. Nxe7+ Qxe7 12. Nc3 Na6 13. e4 Nc7 14. f4 Rfd8 15. Re1 Qd7 16. h3 b5 17. g4 b4 18. Ne2 Re8 19. Ng3 Rad8 20. b3 Nb5 21. Bb2 a5 22. Bxf6 Rc8 23. g5 c4 24.
bxc4 Rxc4 25. Rc1 Rec8 26. Rxc4 Rxc4 27. e5 dxe5 28. fxe5 Rd4 29. Qe2 Nc3 30. Qf2 Rc4 31. e6 fxe6 32. dxe6 Qc8 33. Bxb7 Qxb7 34. e7 1-0

[Event "*** Titled Tuesday Blitz"]
[Site "Chess.com"]
[Date "2020.04.28"]
[Round "4"]
[White "axvesik"]
[Black "Galiev_Azat"]
[Result "1-0"]
[WhiteElo "2470"]
[BlackElo "2285"]
[TimeControl "180+1"]
[EndTime "10:38:57 PDT"]
[Termination "axvesik won on time"]

1. e4 c5 2. Nf3 d6 3. d4 cxd4 4. Nxd4 Nf6 5. Nc3 a6 6. Be3 e5 7.
Nb3 Be6 8. f3 Be7 9. Qd2 O-O 10.
O-O-O Nbd7 11. g4 b5 12. g5 b4 13. gxf6 bxc3 14. Qxc3 Nxf6 15. Na5 Rc8 16. Nc6 Qd7 17.
Nxe7+ Qxe7 18. Qa5 d5 19. exd5 Nxd5 20. Rxd5 Bxd5 21.
Qxd5 Rfd8 22. Qe4 Qe6 23. Bd3 g6 24. Kb1 f5 25. Qa4 Rd6 26. b3 Kg7 27. Re1 Qd5 28.
Bc1 Qc5 29. Bb2 1-0

[Event "*** Titled Tuesday Blitz"]
[Site "Chess.com"]
[Date "2020.04.28"]
[Round "4"]
[White "Tapuah"]
[Black "claudyna16"]
[Result "1-0"]
[WhiteElo "2838"]
[BlackElo "2532"]
[TimeControl "180+1"]
[EndTime "10:39:01 PDT"]
[Termination "Tapuah won by resignation"]

1. e4 e5 2. Nf3 Nc6 3. Bb5 a6 4. Ba4 d6 5. c3 Bd7 6. d4 g6 7.
O-O Bg7 8. d5 Nce7 9. Bc2 h6 10.
c4 f5 11. Nc3 Nf6 12. Re1 O-O 13.
Rb1 fxe4 14. Nxe4 Bg4 15. Nxf6+ Rxf6 16. Be4 Nf5 17. h3 Bxf3 18. Bxf3 Nd4 19. Be4 b5 20. cxb5 axb5 21. a3 Kh7 22. Be3 Rf7 23. Qg4 Nf5 24. Rbc1 Qf6 25. Bd2 Rb8 26. Rf1 h5 27. Qd1 Bh6 28. Bxh6 Kxh6 29. Qd2+ Kg7 30.
Rc3 Qh4 31. Bxf5 gxf5 32. Rfc1 Rb7 33. Rg3+ Kh7 34. Rg5 f4 35. Qd3+ Kh8 36. Qg6 1-0

[Event "*** Titled Tuesday Blitz"]
[Site "Chess.com"]
[Date "2020.04.28"]
[Round "4"]
[White "StockholmMissile"]
[Black "SummertimeFun"]
[Result "1-0"]
[WhiteElo "2473"]
[BlackElo "1820"]
[TimeControl "180+1"]
[EndTime "10:39:01 PDT"]
[Termination "StockholmMissile won by checkmate"]

1. d4 Nf6 2. c4 e6 3. Nf3 b6 4. a3 Bb7 5. Nc3 Be7 6. d5 O-O 7. g3 exd5 8. cxd5 d6 9. Bg2 Nbd7 10. O-O Re8 11. Nd4 Ne5 12. b3 Bf8 13. Bb2 g6 14. Rc1 Bg7 15. Ncb5 Re7 16. h3 a6 17. Nc3 Qe8 18. Re1 a5 19. Ncb5 Rc8 20. f4 Nxd5 21. Bxd5 Bxd5 22. fxe5 Bxe5 23. Kh2 Bxg3+ 24.
Kxg3 Re3+ 25. Nf3 Qxb5 26. Qd4 Re5 27. Nxe5 dxe5 28. Qxe5 Qxb3+ 29. Kh2 Kf8 30. Rcd1 Be6 31. Qh8+ Ke7 32. Bf6# 1-0

[Event "*** Titled Tuesday Blitz"]
[Site "Chess.com"]
[Date "2020.04.28"]
[Round "4"]
[White "GMJustin"]
[Black "Colombiano07"]
[Result "1-0"]
[WhiteElo "2434"]
[BlackElo "2225"]
[TimeControl "180+1"]
[EndTime "10:39:01 PDT"]
[Termination "GMJustin won by resignation"]

1. d4 Nf6 2. c4 g6 3. Nc3 Bg7 4. e4 d6 5. h3 O-O 6. Be3 Nc6 7. d5 Ne5 8. f4 Ned7 9. Nf3 c6 10. Bd3 Qc7 11.
O-O Nc5 12. Bc2 cxd5 13. cxd5 Nfd7 14. Nd4 Qb6 15. Rb1 a5 16. a3 e5 17. dxe6 Nxe6 18. Nf5 Qd8 19. Nxg7 Kxg7 20. Qxd6 Ra6 21. Qd2 Qe7 22.
f5 Nec5 23. Bh6+ Kg8 24. Bxf8 Nxf8 25. Nd5 Qe5 26. f6 Nxe4 27. Bxe4 Qxe4 28. Ne7+ Kh8 29. Qd8 1-0

[Event "*** Titled Tuesday Blitz"]
[Site "Chess.com"]
[Date "2020.04.28"]
[Round "4"]
[White "Hikaru"]
[Black "ENEASZ"]
[Result "1-0"]
[WhiteElo "3232"]
[BlackElo "2558"]
[TimeControl "180+1"]
[EndTime "10:39:02 PDT"]
[Termination "Hikaru won on time"]

1. Nf3 d5 2. b3 Nf6 3. Bb2 g6 4. Bxf6 exf6 5. e3 Bg7 6. d4 O-O 7. c3 Re8 8. g3 c6 9. Bg2 Bg4 10. O-O Bxf3 11. Bxf3 f5 12. Nd2 Nd7 13. Rc1 Nf6 14. c4 Ne4 15. Qc2 Nxd2 16. Qxd2 dxc4 17. bxc4 h5 18. c5 h4 19. Qb4 Rb8 20. Bg2 Bh6 21. Rc3 hxg3 22. hxg3 Kg7 23. Qa4 a6 24. Rb1 Re7 25.
Rcb3 Qc7 26. Qa3 Bg5 27. Qb2 Bf6 28. Rb6 f4 29. gxf4 Qd7 30. Qd2 Qg4 31. Qd1 Qh4 32. Qf3 Rh8 33. Rxb7 Rxb7 34. Rxb7 Qh2+ 35. Kf1 Rd8 36.
Qe4 Qh5 37. Bf3 Qh3+ 38. Ke2 Qc8 39. Qxc6 Qf5 40. Qe4 Qh3 41. c6 Qh8 42. c7 Re8 43. Qd5 Qh3 44. c8=Q 1-0

[Event "*** Titled Tuesday Blitz"]
[Site "Chess.com"]
[Date "2020.04.28"]
[Round "4"]
[White "kaumandur01"]
[Black "Aikiigm"]
[Result "0-1"]
[WhiteElo "2770"]
[BlackElo "2531"]
[TimeControl "180+1"]
[EndTime "10:39:02 PDT"]
[Termination "Aikiigm won by checkmate"]

1. e4 Nf6 2. e5 Nd5 3. d4 d6 4. Nf3 dxe5 5. Nxe5 c6 6. Be2 Bf5 7. O-O Nd7 8. Nf3 e6 9. c4 N5f6 10. Nc3 Bd6 11. Nh4 Bg6 12. Nxg6 hxg6 13. h3 Bb8 14. Be3 Qc8 15. Rc1 Qc7 16. f4 Nh5 17. d5 e5 18.
c5 exf4 19. Bd4 Ndf6 20. d6 Qa5 21. a3 O-O 22. Bc4 b5 23. Ba2 b4 24. axb4 Qxb4 25. Re1 a5 26. Na4 Ba7 27. Rc4 Qb8 28. Be5 Nd5 29. Bd4 Re8 30. Rxe8+ Qxe8 31. Qd2 Ng3 32. Bb1 Ne2+ 33. Kh2 Nxd4 34. Qxd4 Qe1 35. Be4 Ne3 36. Rc3 Nf1+ 37. Kh1 Ng3+ 38. Kh2 Qh1# 0-1

[Event "*** Titled Tuesday Blitz"]
[Site "Chess.com"]
[Date "2020.04.28"]
[Round "4"]
[White "Lestofante90"]
[Black "AshotParvanyan"]
[Result "1-0"]
[WhiteElo "2662"]
[BlackElo "2467"]
[TimeControl "180+1"]
[EndTime "10:39:02 PDT"]
[Termination "Lestofante90 won on time"]

1. d4 Nf6 2. c4 g6 3. g3 Bg7 4. Bg2 O-O 5. Nc3 d6 6. Nf3 c5 7. dxc5 dxc5 8. Be3 Qa5 9. Qa4 Nc6 10. Qb5 Ng4 11. Bd2 a6 12. Qxa5 Nxa5 13. b3 Nc6 14. h3 Nge5 15. O-O-O Bf5 16. Nxe5 Bxe5 17. g4 Be6 18. f4 Bc7 19. Nd5 Bxd5 20. cxd5 Nd4 21. e3 Nb5 22. a4 Na7 23. e4 b5 24. e5 bxa4 25. bxa4 Rab8 26. Kc2 Rfd8 27. Rb1 Nc8 28. Bc3 a5 29. Rxb8 Bxb8 30. Bxa5 Re8 31. Rb1 Ba7 32. Rb7 c4 33. Kc3 Be3 34. Kxc4 Bxf4 35. Kd4 Bg3 36. Bf1 f6 37. e6 Be5+ 38.
Ke3 Nd6 39. Ra7 Rb8 40. Rxe7 Rb3+ 41. Kd2 1-0

[Event "*** Titled Tuesday Blitz"]
[Site "Chess.com"]
[Date "2020.04.28"]
[Round "4"]
[White "vladislavkovalev"]
[Black "Savagelittlemole"]
[Result "1-0"]
[WhiteElo "2859"]
[BlackElo "2614"]
[TimeControl "180+1"]
[EndTime "10:39:03 PDT"]
[Termination "vladislavkovalev won by resignation"]

1. e4 c5 2. Be2 Nc6 3. d3 g6 4. f4 Bg7 5. Nf3 e6 6. O-O Nge7 7. c3 O-O 8. Be3 b6 9. d4 cxd4 10. cxd4 d5 11. e5 Nf5 12. Bf2 h5 13. Nc3 a6 14. Rc1 Bd7 15. h3 b5 16. g4 hxg4 17.
hxg4 Nh6 18. Ng5 f6 19. Nh3 f5 20. gxf5 Nxf5 21. Bd3 Ncxd4 22. Qg4 Be8 23. Ng5 Bh6 24. Bxd4 Nxd4 25. Nxe6 Nxe6 26. Qxe6+ Bf7 27. Qg4 Bg7 28. Ne2 Qb6+ 29. Kg2 Rac8 30. Rxc8 Be6 31. Rxf8+ Kxf8 32. f5 1-0

[Event "*** Titled Tuesday Blitz"]
[Site "Chess.com"]
[Date "2020.04.28"]
[Round "4"]
[White "mattcolins2025"]
[Black "zabivol_mc"]
[Result "1-0"]
[WhiteElo "2305"]
[BlackElo "2442"]
[TimeControl "180+1"]
[EndTime "10:39:04 PDT"]
[Termination "mattcolins2025 won by resignation"]

1. d4 Nf6 2. c4 g6 3. Nc3 Bg7 4. e4 O-O 5. Nf3 d6 6. Be2 Bg4 7. Ng1 Bxe2 8. Ngxe2 a6 9. f3 c6 10. Be3 b5 11. cxb5 axb5 12. b4 Nbd7 13. O-O Nb6 14. Bf2 Nc4 15. a4 bxa4 16. Rxa4 Qc7 17. Qc2 Nd7 18.
Rfa1 Rxa4 19. Qxa4 Ndb6 20. Qb3 d5 21. b5 dxe4 22.
fxe4 cxb5 23. Nxb5 Qb7 24. Rc1 Qxe4 25. Ng3 Qd5 26.
Nc3 Qd7 27. d5 Bxc3 28. Rxc3 Rb8 29. Rxc4 Nxc4 30. Qxb8+ Kg7 31. Bd4+ f6 32. Qa7 Qxd5 33. Qxe7+ Kh6 34. Qf8+ Kg5 35. Qxf6+ Kh6 36. Qh4+ 1-0